 Dungeon Crawl Stone Soup version 0.28.0 (webtiles) character file.

Game seed: 9050080578475543724

0 AmazingTV the Sneak (level 1, -1/10 HPs)
             Began as a Spriggan Brigand on June 28, 2022.
             Slain by a quokka (2 damage)
             ... on level 1 of the Dungeon.
             The game lasted 00:00:47 (33 turns).

AmazingTV the Sneak (Spriggan Brigand)                Turns: 33, Time: 00:00:49

Health: -1/10      AC:  3    Str:  7    XL:     1   Next: 8%
Magic:  2/2        EV: 16    Int: 12    God:
Gold:   0          SH:  0    Dex: 16    Spells: 0/0 levels left

rFire   . . .      SeeInvis +   a - +2 dagger
rCold   . . .      Faith    .   (no shield)
rNeg    . . .      Spirit   .   b - +0 robe
rPois   .          Reflect  .   (helmet restricted)
rElec   .          Harm     .   c - +0 cloak
rCorr   .          Rampage  .   (gloves unavailable)
Will    .....                   (boots unavailable)
Stlth   +++.......              (no amulet)
HPRegen 0.03/turn               (no ring)
MPRegen 0.08/turn               (no ring)

@: very quick
A: very small, no large weapons, unfitting armour, see invisible, speed 3
a: no special abilities


You were on level 1 of the Dungeon.
You visited 1 branch of the dungeon, and saw 1 of its levels.

Inventory:

Hand Weapons
 a - a +2 dagger (weapon)
Missiles
 d - 7 poisoned darts (quivered)
 e - 2 curare-tipped darts
Armour
 b - a +0 robe (worn)
 c - a +0 cloak (worn)


   Skills:
 - Level 1.5 Fighting
 + Level 2.2 Short Blades
 + Level 0.0(1.3) Slings
 - Level 2.0 Throwing
 - Level 1.3 Dodging
 + Level 5.8 Stealth


You couldn't memorise any spells.
You didn't know any spells.
Your spell library was empty.

Dungeon Overview and Level Annotations

Branches:
Dungeon (1/15)

Altars:


Innate Abilities, Weirdness & Mutations

You are very small and have problems with some larger weapons.
You are too small for most types of armour.
You have supernaturally acute eyesight. (SInv)
You cover ground extremely quickly. (Speed+++)


Message History

The kobold barely misses you. The quokka misses you.
You hit the quokka.
The quokka is lightly wounded.
The kobold closely misses you. The quokka completely misses you.
You hit the quokka.
The quokka is severely wounded.
The quokka twitches its whiskers.
The quokka closely misses you. The kobold closely misses you.
You miss the quokka.
The quokka is severely wounded.
The quokka barely misses you. The kobold hits you with a +0 whip.
* * * LOW HITPOINT WARNING * * *
You hit the quokka.
The quokka is almost dead.
The quokka closely misses you. The kobold closely misses you.
You hit the quokka but do no damage.
The quokka is almost dead.
The quokka barely misses you. The kobold barely misses you.
You closely miss the quokka.
The quokka is almost dead.
The quokka misses you.
You hit the kobold but do no damage.
The kobold is severely wounded.
The quokka bites you.
* * * LOW HITPOINT WARNING * * *
The kobold hits you but does no damage.
You hit the kobold.
You kill the kobold!
The quokka closely misses you.
You hit the dart slug.
The dart slug is moderately wounded.
The quokka misses you. The dart slug closely misses you.
You are too injured to fight recklessly!
Throw: 8 darts (poison)
Press: ? - help, Q - select action, (/) - cycle Shift-Dir - straight line, f - quokka
Aim: a quokka (almost dead, 50% to hit)
You throw a poisoned dart.
The poisoned dart closely misses the quokka.
The quokka bites you.
You die...

.. ....#...#.....#...#
..#+#..[#.8.#.....#.8.#
.......#...#.....#...#
#.....#####.....#####
#...................$
#....................
#............<.......
#......w.?...........
#(.....r@............
#.....#####.....#####
#.....#...#.....#...#
.......#.8.#.....#.8.#
######..#...#.....#...#
(...#####.....#####
............###....
.............


You could see a dart slug and a quokka.

Vanquished Creatures
  A kobold (D:1)
1 creature vanquished.

Notes
Turn   | Place    | Note
-------+----------+-------------------------------------------
     0 | D:1      | AmazingTV the Spriggan Brigand began the quest for the Orb.
     0 | D:1      | Reached XP level 1. HP: 10/10 MP: 2/2
    33 | D:1      | Slain by a quokka

Illustrated notes

Levels and vault maps discovered:
D:1:      minmay_arrival_glassed_features, layout_basic

Action                   || total
-------------------------++-------
Melee: Dagger            ||    22
Throw: Dart              ||     1
Armor: Robe              ||     4
Dodge: Dodged            ||    37
